 Dungeon Sprint DCSS version 0.29-a0-789-g7a8fcbc185 (webtiles) character file.

Game seed: 3241068435961921825

723 mhtbhm the Covert (level 7, -1/35 HPs)
             Began as a Spriggan Enchanter on July 2, 2022.
             Was an Initiate of Gozag.
             Slain by a gargoyle
             ... wielding a +0 mace
              (20 damage)
             ... in the Dungeon (Sprint IX: "|||||||||||||||||||||||||||||").
             The game lasted 00:01:03 (713 turns).

mhtbhm the Covert (Spriggan Enchanter)               Turns: 713, Time: 00:01:04

Health: -1/35      AC:  2    Str:  4    XL:     7   Next: 43%
Magic:  17/19      EV: 25    Int: 17    God:    Gozag
Gold:   72         SH:  0    Dex: 17    Spells: 10/21 levels left

rFire   . . .      SeeInvis +   a - +2 rapier (drain)
rCold   . . .      Faith    .   (no shield)
rNeg    . . .      Spirit   .   b - +0 robe
rPois   .          Reflect  .   (helmet restricted)
rElec   .          Harm     .   (no cloak)
rCorr   .          Rampage  .   (gloves unavailable)
Will    +....      NoTele   +   (boots unavailable)
Stlth   ++++++....              (no amulet)
HPRegen 0.11/turn               k - +2 ring of evasion
MPRegen 0.16/turn               l - +2 ring of evasion

@: very quick
A: very small, no large weapons, unfitting armour, see invisible, speed 3
a: Renounce Religion, Potion Petition, Call Merchant, Bribe Branch


You were in the Dungeon.
You worshipped Gozag.
Gozag was noncommittal.
You visited 1 branch You collected 72 gold pieces.

Inventory:

Hand Weapons
 a - a +2 rapier of draining (weapon)
Armour
 b - a +0 robe (worn)
Jewellery
 k - a +2 ring of evasion (left hand)
 l - a +2 ring of evasion (right hand)
Wands
 j - a wand of iceblast (10)
Scrolls
 h - 2 scrolls of amnesia
 i - 2 scrolls of blinking
Potions
 c - 3 potions of invisibility
 d - 4 potions of curing
 e - 2 potions of heal wounds
 f - a potion of haste
 g - 4 potions of magic


   Skills:
 + Level 2.7 Fighting
 + Level 7.2 Short Blades
 + Level 7.6 Dodging
 + Level 14.5 Stealth
 + Level 7.7 Spellcasting
 + Level 10.1 Hexes
 + Level 0.1 Ice Magic


You had 10 spell levels left.
You knew the following spells:

 Your Spells              Type           Power      Damage    Failure   Level
a - Ensorcelled Hibernat  Hex/Ice        48%        N/A       1%          2
b - Confusing Touch       Hex            41%        N/A       1%          3
c - Tukima's Dance        Hex            41%        N/A       1%          3
d - Dazzling Flash        Conj/Hex       46%        N/A       4%          3

Your spell library contained the following spells:

 Spells                   Type           Power      Damage    Failure   Level


Dungeon Overview and Level Annotations

Branches:
Dungeon (1/1)

Altars:
Cheibriados
Dithmenos
Elyvilon
Fedhas
Gozag
Hepliaklqana
Kikubaaqudgha
Makhleb
Nemelex Xobeh
Okawaru
Qazlal
Ru
Sif Muna
Trog
Uskayaw
Vehumet
Wu Jian
Xom
Yredelemnul
Zin
The Shining One
Jiyva
Lugonu


Innate Abilities, Weirdness & Mutations

You are very small and have problems with some larger weapons.
You are too small for most types of armour.
You have supernaturally acute eyesight. (SInv)
You cover ground extremely quickly. (Speed+++)


Message History

There is an iron altar of Okawaru here.
There is a stormy altar of Qazlal here.
There is a sacrificial altar of Ru here.
There is a shimmering blue altar of Sif Muna here.
There is a bloodstained altar of Trog here.
There is a hide-covered altar of Uskayaw here.
A gargoyle is nearby!
There is a radiant altar of Vehumet here.
There is an ornate altar of the Wu Jian Council here.
There is a shimmering altar of Xom here.
There is a basalt altar of Yredelemnul here.
You hit the gargoyle but do no damage.
The gargoyle hurls a stone arrow at you.
The stone arrow hits you!
Casting: Ensorcelled Hibernation (safe; 1% risk of failure)
Confirm with . or Enter, or press ? or * to list all spells.
Your hands begin to glow red.
The gargoyle hits you with a +0 mace!
Press: ? - help, v - describe, . - travel
Here: a gargoyle, wielding a +0 mace (chance to confuse on hit: 50%)
A glowing silver altar of Zin.
Unknown command.
Press < or > to pray at altars.
You completely miss the gargoyle. The gargoyle closely misses you.
You hit the gargoyle but do no damage. The gargoyle misses you.
You hit the gargoyle but do no damage. You hit the gargoyle but do no damage.
The gargoyle hits you with a +0 mace.
* * * LOW HITPOINT WARNING * * *
You hit the gargoyle but do no damage. The gargoyle closely misses you.
You feel much better. The gargoyle misses you.
You hit the gargoyle but do no damage. The gargoyle barely misses you.
You hit the gargoyle but do no damage. Your punch misses the gargoyle.
The gargoyle misses you.
You hit the gargoyle but do no damage. The gargoyle hits you with a +0 mace!
You hit the gargoyle but do no damage. You hit the gargoyle but do no damage.
The gargoyle appears confused.
The gargoyle completely misses you.
You completely miss the gargoyle. The gargoyle hits you with a +0 mace!!
Ouch! That really hurt!
You die...
Your body crumbles into a pile of gold.

▓_▓
$
▓_▓
$
▓_▓
$
▓_▓
$
▓_▓
$
▓_▓
$
▓_▓
$
▓_▓
$
▓@▓
$
▓9▓
$
▓_▓
▓'▓
$
▓.▓
$
▓.▓
$
▓)▓
$
▓.▓
$
▓h▓


You could see a gargoyle (confused).

Vanquished Creatures
  A troll (D)
  A yak (D)
  An orc warrior (D)
  A kobold brigand (D)
  2 scorpions (D)
  A howler monkey (D)
  An iguana (D)
  An adder (D)
  A dart slug (D)
  3 quokkas (D)
  2 ball pythons (D)
15 creatures vanquished.

Notes
Turn   | Place    | Note
-------+----------+-------------------------------------------
     0 | D        | mhtbhm the Spriggan Enchanter began the quest for the Orb.
     0 | D        | Reached XP level 1. HP: 9/9 MP: 5/5
     9 | D        | Reached skill level 5 in Stealth
    73 | D        | Noticed a scorpion
    73 | D        | Noticed an iguana
    73 | D        | Noticed a scorpion
    79 | D        | Reached skill level 6 in Stealth
    79 | D        | Reached XP level 2. HP: 10/13 MP: 7/7
    81 | D        | Killed a scorpion
    82 | D        | Reached skill level 8 in Stealth
    82 | D        | Reached XP level 3. HP: 11/17 MP: 7/9
    82 | D        | Reached XP level 4. HP: 14/21 MP: 8/11
    89 | D        | Reached skill level 9 in Stealth
   426 | D        | Learned a level 2 spell: Ensorcelled Hibernation
   430 | D        | Learned a level 3 spell: Confusing Touch
   434 | D        | Learned a level 3 spell: Tukima's Dance
   438 | D        | Learned a level 3 spell: Dazzling Flash
   453 | D        | Killed a scorpion
   454 | D        | Reached skill level 1 in Fighting
   454 | D        | Reached skill level 5 in Dodging
   454 | D        | Reached skill level 10 in Stealth
   454 | D        | Reached skill level 5 in Spellcasting
   454 | D        | Reached XP level 5. HP: 17/25 MP: 9/13
   458 | D        | Found a snail-covered altar of Cheibriados.
   458 | D        | Found a shadowy altar of Dithmenos.
   458 | D        | Found a white marble altar of Elyvilon.
   458 | D        | Found a blossoming altar of Fedhas.
   458 | D        | Found an opulent altar of Gozag.
   459 | D        | Found a hazy altar of Hepliaklqana.
   460 | D        | Found a viscous altar of Jiyva.
   461 | D        | Found an ancient bone altar of Kikubaaqudgha.
   462 | D        | Found a corrupted altar of Lugonu.
   463 | D        | Found a burning altar of Makhleb.
   464 | D        | Found a sparkling altar of Nemelex Xobeh.
   465 | D        | Found an iron altar of Okawaru.
   466 | D        | Became a worshipper of Gozag Ym Sagoz the Greedy
   467 | D        | Found a stormy altar of Qazlal.
   468 | D        | Found a sacrificial altar of Ru.
   469 | D        | Found a shimmering blue altar of Sif Muna.
   470 | D        | Found a bloodstained altar of Trog.
   471 | D        | Found a hide-covered altar of Uskayaw.
   472 | D        | Found a radiant altar of Vehumet.
   473 | D        | Found an ornate altar of the Wu Jian Council.
   474 | D        | Found a shimmering altar of Xom.
   475 | D        | Found a basalt altar of Yredelemnul.
   476 | D        | Found a glowing silver altar of Zin.
   477 | D        | Found a glowing golden altar of the Shining One.
   510 | D        | Noticed a troll
   510 | D        | Noticed a yak
   510 | D        | Noticed an orc warrior
   510 | D        | Noticed a gargoyle
   512 | D        | Killed a troll
   513 | D        | Reached skill level 5 in Short Blades
   513 | D        | Reached skill level 12 in Stealth
   513 | D        | Reached XP level 6. HP: 25/30 MP: 13/16
   514 | D        | Killed a yak
   515 | D        | Reached skill level 13 in Stealth
   515 | D        | Reached XP level 7. HP: 29/35 MP: 13/18
   522 | D        | Reached skill level 14 in Stealth
   522 | D        | Reached skill level 10 in Hexes
   713 | D        | Slain by a gargoyle

Illustrated notes

Levels and vault maps discovered:
D:        linesprint [early_d, line_temple, items_1, d_10, items_2, lair_1,
          lair_end, items_3, orc_1, orc_end, items_4, d_15, swamp_1, shoals_1,
          snake_1, spider_1, d_20, vaults_1, items_5, swamp_end, shoals_end,
          snake_end, spider_end, vaults_end, d_27, items_6, zot_1, zot_end,
          crypt_end, forest_end, elf_end, slime_end, tomb_end, abyss_end,
          pan_hell_end]

Skill      XL: |  1  2  3  4  5  6  7 |
---------------+----------------------+-----
Hexes          | 4 6 7 9 10 | 10.1
Stealth        | 6 8 10 12 13 14 | 14.5
Spellcasting   | 3 4 5 6 7 |  7.7
Dodging        | 3 4 5 6 7 |  7.6
Short Blades   | 2 3 5 6 7 |  7.2
Fighting       | 1 2 |  2.7
Ice Magic      | |  0.1

Action                   |  1- 3 |  4- 6 |  7- 9 || total
-------------------------+-------+-------+-------++-------
Melee: Dagger            |    18 |    18 |       ||    36
       Punch             |       |     1 |       ||     1
       Rapier            |       |     2 |    23 ||    25
 Cast: Ensorcelled Hiber |       |     1 |     2 ||     3
       Confusing Touch   |       |       |     1 ||     1
  Use: Potion            |     1 |     1 |     1 ||     3
 Stab: Sleeping          |     2 |     3 |     2 ||     7
Dodge: Dodged            |    10 |     7 |    12 ||    29

Table legend: (Time is in decaauts)
 A = Elapsed time spent in this place.
 B = Non-inter-level travel time spent in this place.
 C = Inter-level travel time spent in this place.
 D = Time resting spent in this place.
 E = Time spent auto-exploring this place.
 F = Levels seen in this place.
 G = Mean time per level.
                   A        B        C        D        E       F      G
               +--------+--------+--------+--------+--------+-----+--------+
         Total |    666 |    666 |      0 |    460 |     56 |   1 |  666.0 |
       Dungeon |    666 |    666 |      0 |    460 |     56 |   1 |  666.0 |
               +--------+--------+--------+--------+--------+-----+--------+

Top non-repeatable levels by time:
       D: 666 daAuts
